Map: Dash and Terminal LE (Void)

Players

Dizzy - Winner!

  • Race: Zerg Zerg
  • League: Platinum

SticklerMac

  • Race: Zerg Zerg
  • League: Silver

VOD

Have the link to the VOD?

Description

Time

  • Played on: Oct. 12, 2015, 8:49 p.m.
  • Length: 6:57
Show
View Real Time Build Order
Export as new Build Order

Dizzy Zerg - Winner!

Build Orders: Pool First, Zergling Baneling 

Get SALT Encoding   

  12  0:15  Drone x2  
  14  0:27  Overlord  
  14  0:31  Extractor  
  14  0:32  Drone, Extractor  
  13  0:37  Drone  
  16  0:48  Spawning Pool  
  16  0:49  Drone  
  16  0:58  Drone  
  16  1:03  Extractor  
  16  1:09  Drone  
  17  1:25  Drone  
  18  1:38  Hatchery  
  17  1:40  Drone  
  17  1:42  Queen  
  17  1:44  Zergling x2  
  21  1:54  Overlord  
  21  2:04  Zergling x2  
  22  2:13  Drone, Baneling Nest  
  22  2:32  Drone  
  22  2:34  Overlord  
  23  2:40  Metabolic Boost  
  23  2:49  Overlord  
  23  2:53  Queen  
  23  2:54  Overlord  
  24  3:10  Zergling x6  
  24  3:11  Zergling x4  
  29  3:14  Zergling x2  
  30  3:23  Zergling x4  
  32  3:34  Baneling x2  
  32  3:39  Zergling x8  
  35  4:08  Zergling x2  
  35  4:09  Zergling x10  
  32  4:18  Zergling x6  
  32  4:19  Zergling x2  
  32  4:22  Baneling x3  
  32  4:23  Baneling x3  
  36  4:29  Zergling x2  
  36  4:30  Zergling x2  
  38  4:34  Zergling x2  
  32  4:47  Zergling x4  
  34  4:52  Zergling x2  
  34  4:53  Zergling x6  
  34  4:57  Zergling x6  
  40  5:02  Zergling x2  
  40  5:06  Drone  
  42  5:09  Zergling x2  
  43  5:20  Zergling x4  
  43  5:26  Baneling x4  
  40  5:29  Zergling x6  
  40  5:30  Zergling x2  
  40  5:34  Zergling x4  
  45  5:43  Zergling x4  
  47  5:54  Zergling x2  
  47  5:55  Zergling x6  
  49  6:03  Zergling x6  
  51  6:12  Zergling x2  
  51  6:16  Overlord  
  51  6:18  Overlord  
  49  6:30  Zergling x4  
  49  6:31  Zergling x4  
  52  6:37  Zergling x4  
Show
View Real Time Build Order
Export as new Build Order

SticklerMac Zerg 

Build Orders: Pool First 

Get SALT Encoding   

  12  0:00  Drone  
  13  0:12  Overlord  
  13  0:20  Drone  
  14  0:31  Drone x2  
  16  0:35  Drone  
  17  0:46  Spawning Pool  
  16  0:50  Drone  
  16  0:56  Drone  
  18  0:59  Extractor  
  17  1:19  Hatchery  
  16  1:27  Drone x2  
  17  1:40  Queen  
  17  1:41  Drone  
  17  1:44  Zergling x2  
  21  1:51  Zergling x2  
  22  2:08  Overlord  
  22  2:26  Overlord  
  22  2:28  Metabolic Boost  
  22  2:39  Zergling x4  
  24  2:50  Zergling x8  
  28  2:52  Zergling x2  
  28  2:57  Baneling Nest  
  28  3:01  Drone x2  
  29  3:07  Zergling x2  
  29  3:09  Zergling x2  
  31  3:15  Zergling x2  
  31  3:19  Zergling x2  
  33  3:21  Queen  
  33  3:24  Zergling x4  
  33  3:26  Zergling x2  
  38  3:33  Zergling x2  
  39  3:41  Zergling x4  
  41  3:46  Zergling x2  
  41  3:47  Baneling x2  
  41  3:48  Baneling x3  
  40  4:05  Zergling x10  
  40  4:08  Zergling x2  
  33  4:19  Baneling  
  33  4:20  Baneling  
  33  4:21  Zergling x4  
  34  4:26  Zergling x2  
  34  4:38  Zergling x4  
  30  4:50  Zergling x10  
  30  4:52  Zergling x2  
  35  4:53  Zergling x2  
  35  5:04  Zergling x4  
  35  5:05  Zergling x2  
  37  5:09  Baneling x4  
  37  5:20  Zergling x6  
  32  5:30  Zergling x6  
  32  5:33  Zergling x2  
  31  5:50  Zergling x8  
  31  5:51  Zergling x2  
  34  6:13  Zergling x10  
  34  6:14  Zergling x2  
  29  6:38  Zergling x8  
Tags
 
Add a new tag
Caveats
  • Supply blocks, unpowered buildings, or Contaminate may cause inaccurate times.
  • Supply counts are checked every 10 seconds.